 Zot Defence DCSS version 0.15.2 (webtiles) character file.

8640 shmeve the Hoplite (level 11, 97/103 HPs)
             Began as a Deep Dwarf Fighter on May 25, 2016.
             Quit the game in the Realm of Zot (Scenario I: Hall of Zot).
             The game lasted 00:20:28 (2077 turns).

shmeve the Hoplite (Deep Dwarf Fighter)             Turns: 2077, Time: 00:20:28

HP  97/103       AC 13     Str 23      XL: 11   Next: 12%
MP  20/20        EV  5     Int  9      God:
Gold 0           SH 12     Dex 12      Spells:  0 memorised, 10 levels left

rFire  . . .     SeeInvis .     a - +0 war axe
rCold  . . .     Clarity  .     n - +0 plate armour
rNeg   . . .     rCorr    .     c - +0 shield
rPois  .         rRot     .     (no helmet)
rElec  .         Spirit   .     (no cloak)
SustAb .         Warding  .     (no gloves)
rMut   .         Stasis   .     (no boots)
Gourm  .                        (no amulet)
MR     +....                    (no ring)
                                (no ring)

@: non-regenerating, somewhat resistant to hostile enchantments, extremely
unstealthy
A: damage resistance, recharge devices, sense surroundings 2, slow healing 3
a: Make oklob sapling, Make arrow trap, Make plant, Remove Curse, Make burning
bush, Make altar, Make grenades, Make oklob plant, Make net trap, Make ice
statue, Make spear trap, Make alarm trap, Device Recharging


You were in the Realm of Zot.
You were not hungry.

You visited 1 branch

Inventory:

Hand weapons
 a - a +0 war axe (weapon)
Armour
 c - a +0 shield (worn)
 n - a +0 plate armour (worn)
Magical devices
 d - a wand of heal wounds (6)
 m - a wand of confusion (9) {unknown}
Comestibles
 g - a bread ration
Scrolls
 l - a scroll of blinking
Potions
 e - a potion of might
 f - 3 potions of curing
 h - a potion of heal wounds
 i - a potion of haste
 j - 2 potions of magic
 k - a potion of berserk rage


   Skills:
 * Level 8.2 Fighting
 * Level 9.3 Axes
 + Level 7.1 Armour
 + Level 6.0 Dodging
 * Level 9.5 Shields
 + Level 8.0 Evocations


You had 10 spell levels left.
You didn't know any spells.

Dungeon Overview and Level Annotations

Branches:
    Zot (1/1)

Altars:


Innate Abilities, Weirdness & Mutations

You are resistant to damage.
You can recharge devices by infusing magical energy.
You passively map the area around you.
You do not heal naturally.


Message History

Things that are here:
a club; a poisoned needle
Things that are here:
2 tomahawks; a poisoned needle; a quokka skeleton Use which ability? (? or * to list) Make oklob plant where?
Press: ? - help, Dir - move target cursor A rhizome shoots up through the ground and merges with vitriolic spirits in the atmosphere.
Your ice beast disappears in a puff of smoke!
You see here a water moccasin skeleton.
Items here: % ( )))
Items here: % ( ))) Use which ability? (? or * to list)
Okay, then.
Use which ability? (? or * to list) Make oklob plant where?
Press: ? - help, Dir - move target cursor A rhizome shoots up through the ground and merges with vitriolic spirits in the atmosphere.
You see here a water moccasin skeleton.
Are you sure you want to abandon this character and quit the game? (Confirm with "yes".)

....)### ###......... .......##
##........... ....)..)# ▓▓▓▓▓▓▓▓▓
#............
........▓▓▓P.....P▓▓▓............
......()▓▓%.)......▓▓.)..........
......))▓.)).)P))).)▓............
.......))(P())8))P.)%............
........▓))...P(%%..▓............
........▓▓.)....@))▓▓............
........▓▓▓P..[..P▓▓▓............
........▓ ▓▓▓▓▓▓▓▓▓ ▓............
.......▓▓ ▓▓........... .....▓▓▓
▓▓▓......... ..▓▓▓▓ ▓▓▓▓......
▓▓▓▓▓▓ ▓▓▓▓▓▓▓▓▓▓ #▓∆∆▓ ▓∆∆▓#
▓∆∆▓ ▓∆∆▓


You could see a friendly ice statue, 5 friendly oklob plants and 3 friendly
oklob saplings.

Vanquished Creatures
  An orc warrior (Zot)
  An orc priest (Zot)
  2 goliath beetles (Zot)
  A worker ant (Zot)
  An orc wizard (Zot)
  An iguana (Zot)
  Jessica (Zot)
  3 adders (Zot)
  2 giant mites (Zot)
  3 oozes (Zot)
  3 orcs (Zot)
  5 hobgoblins (Zot)
  6 kobolds (Zot)
  A bat (Zot)
  2 giant newts (Zot)
  4 goblins (Zot)
  3 rats (Zot)
40 creatures vanquished.

Vanquished Creatures (collateral kills)
  A spiny frog (Zot)
  4 hill giants (Zot)
  An ugly thing (Zot)
  A yaktaur (Zot)
  Psyche (Zot)
  A two-headed ogre (Zot)
  A queen bee (shapeshifter) (Zot)
  A vampire (Zot)
  A merfolk (Zot)
  Prince Ribbit (Zot)
  5 slime creatures (Zot)
  A deep elf fighter (Zot)
  A deep elf mage (Zot)
  A vampire mosquito (Zot)
  5 water moccasins (Zot)
  A porcupine (Zot)
  A warg (Zot)
  A black bear (Zot)
  An ogre (Zot)
  A gnoll sergeant (Zot)
  A phantom (Zot)
  Duvessa (Zot)
  A crocodile (Zot)
  A tengu simulacrum (Zot)
  2 insubstantial wisps (Zot)
  2 iguanas (Zot)
  3 scorpions (Zot)
  A wight (Zot)
  2 hounds (Zot)
  3 orc priests (Zot)
  4 worker ants (Zot)
  An orc wizard (Zot)
  4 sheep (Zot)
  Ijyb (Zot)
  7 adders (Zot)
  2 green rats (Zot)
  4 giant mites (Zot)
  9 orcs (Zot)
  A ball python (Zot)
  12 goblins (Zot)
  5 hobgoblins (Zot)
  6 jackals (Zot)
  11 kobolds (Zot)
  2 quokkas (Zot)
  22 bats (Zot)
  3 giant newts (Zot)
  5 rats (Zot)
147 creatures vanquished.

Vanquished Creatures (others)
  2 ice beasts (Zot)
  6 oklob saplings (Zot)
  A giant newt (Zot)
9 creatures vanquished.

Grand Total: 196 creatures vanquished

Notes
Turn   | Place    | Note
--------------------------------------------------------------
     0 | Zot      | shmeve, the Deep Dwarf Fighter, began the quest for the Orb.
     0 | Zot      | Reached XP level 1. HP: 20/20 MP: 1/1
   220 | Zot      | Reached XP level 2. HP: 22/27 MP: 2/2
   239 | Zot      | Reached skill level 1 in Dodging
   239 | Zot      | Reached XP level 3. HP: 24/34 MP: 3/3
   324 | Zot      | Reached XP level 4. HP: 42/42 MP: 4/4
   607 | Zot      | Reached skill level 1 in Evocations
   624 | Zot      | Reached XP level 5. HP: 36/49 MP: 5/5
   632 | Zot      | Reached skill level 4 in Shields
   634 | Zot      | Noticed Jessica
   640 | Zot      | Killed Jessica
   746 | Zot      | Reached XP level 6. HP: 49/57 MP: 7/7
   917 | Zot      | Reached XP level 7. HP: 30/64 MP: 9/9
   922 | Zot      | Reached skill level 5 in Shields
   947 | Zot      | Reached skill level 5 in Axes
  1131 | Zot      | Noticed Prince Ribbit
  1140 | Zot      | Killed Prince Ribbit
  1140 | Zot      | Reached skill level 5 in Fighting
  1140 | Zot      | Reached XP level 8. HP: 59/74 MP: 10/12
  1211 | Zot      | Reached skill level 6 in Shields
  1337 | Zot      | Reached skill level 5 in Armour
  1339 | Zot      | Noticed Ijyb
  1341 | Zot      | Killed Ijyb
  1442 | Zot      | Noticed Duvessa
  1445 | Zot      | Killed Duvessa
  1490 | Zot      | Reached skill level 5 in Evocations
  1502 | Zot      | Gained mutation: You passively map the area around you. [level up]
  1502 | Zot      | Reached XP level 9. HP: 63/82 MP: 15/15
  1511 | Zot      | Reached skill level 7 in Shields
  1534 | Zot      | Noticed Ynupt
  1546 | Zot      | Killed Ynupt the spiny frog
  1713 | Zot      | Reached skill level 8 in Shields
  1725 | Zot      | Reached XP level 10. HP: 92/94 MP: 18/18
  1733 | Zot      | Reached skill level 5 in Dodging
  2002 | Zot      | Noticed a hill giant
  2004 | Zot      | Killed a hill giant
  2019 | Zot      | Noticed a hill giant
  2023 | Zot      | Killed a hill giant
  2023 | Zot      | Reached skill level 9 in Shields
  2030 | Zot      | Noticed a hill giant
  2031 | Zot      | Noticed Psyche
  2031 | Zot      | Noticed a hill giant
  2033 | Zot      | Noticed a cyan ugly thing
  2034 | Zot      | Killed Psyche
  2038 | Zot      | Killed a hill giant
  2044 | Zot      | Killed a hill giant
  2044 | Zot      | Reached XP level 11. HP: 97/103 MP: 20/20
  2045 | Zot      | Killed a cyan ugly thing
  2077 | Zot      | Quit the game

Action                   |  1- 3 |  4- 6 |  7- 9 | 10-12 || total
-------------------------+-------+-------+-------+-------++-------
Melee: War axe           |    30 |    38 |    35 |    13 ||   116
 Abil: Make oklob saplin |     2 |     3 |     1 |     3 ||     9
       Device Recharging |       |     1 |     1 |       ||     2
       Make oklob plant  |       |       |     3 |     2 ||     5
       Make ice statue   |       |       |       |     1 ||     1
Evoke: Wand              |     1 |     3 |     5 |       ||     9
